 Dungeon Crawl Stone Soup version 0.29-a0-330-g52719c12eb (webtiles) character file.

Game seed: 6261318693644512103

411 Gwenloh the Caller (level 7, -4/40 HPs)
             Began as a Kobold Summoner on May 18, 2022.
             Was an Initiate of Ashenzari.
             Slain by an ice beast (12 damage)
             ... on level 4 of the Dungeon.
             The game lasted 00:10:48 (4636 turns).

Gwenloh the Caller (Kobold Summoner)                Turns: 4636, Time: 00:10:48

Health: -4/40      AC:  2    Str:  6    XL:     7   Next: 14%
Magic:  12/12      EV: 18    Int: 18    God:    Ashenzari [......]
Gold:   151        SH:  0    Dex: 27    Spells: 3/12 levels left

rFire   . . .      SeeInvis .   a - +3 flail
rCold   . . .      Faith    .   (no shield)
rNeg    . . .      Spirit   .   d - +0 robe
rPois   .          Reflect  .   (no helmet)
rElec   .          Harm     .   (no cloak)
rCorr   .          Rampage  .   (no gloves)
Will    .....                   (no boots)
Stlth   +++++.....              (no amulet)
HPRegen 0.13/turn               f - +6 ring of dexterity
MPRegen 0.13/turn               y - +6 ring of dexterity

@: no status effects
A: small, no large weapons, nightstalker 3
a: Renounce Religion


You were on level 4 of the Dungeon.
You worshipped Ashenzari.
Ashenzari was noncommittal.
You visited 1 branch of the dungeon, and saw 4 of its levels.

You collected 151 gold pieces.

Inventory:

Hand Weapons
 a - a +3 flail (weapon)
 b - a +0 hunting sling
 x - a +0 spear of distortion
Missiles
 l - 60 stones
 n - 6 curare-tipped darts
Armour
 d - a +0 robe (worn)
 k - a +0 buckler
Jewellery
 f - a +6 ring of dexterity (left hand)
 y - a +6 ring of dexterity (right hand)
 B - a ring of fire
Wands
 q - a wand of flame (2)
 t - a wand of mindburst (17)
Scrolls
 g - a scroll of silence {unknown}
 h - a scroll of enchant armour {unknown}
 i - 3 scrolls of identify {unknown}
 m - a scroll of fog {unknown}
 p - a scroll of teleportation {unknown}
 s - a scroll of fear {unknown}
 u - a scroll of vulnerability {unknown}
 w - a scroll of amnesia {unknown}
 A - a scroll of blinking {unknown}
Potions
 c - a potion of haste
 e - 3 potions of degeneration {unknown}
 j - a potion of curing {unknown}
 o - a potion of lignification {unknown}
 r - a potion of magic
 v - a potion of mutation {unknown}
 z - a potion of attraction {unknown}


   Skills:
 + Level 2.7 Fighting
 + Level 4.0 Dodging
 + Level 4.7 Stealth
 + Level 3.4 Spellcasting
 * Level 5.7 Summonings


You had 3 spell levels left.
You knew the following spells:

 Your Spells              Type           Power      Damage    Failure   Level
a - Summon Small Mammal   Summ           92%        N/A       1%          1
b - Call Imp              Summ           23%        N/A       2%          2
c - Call Canine Familiar  Summ           23%        N/A       4%          3
d - Summon Guardian Gole  Hex/Summ       13%        N/A       14%         3

Your spell library contained the following spells:

 Spells                   Type           Power      Damage    Failure   Level
 Sting                    Tmut/Pois      12%        1d3       16%         1
 Poisonous Vapours        Pois/Air       6%         N/A       24%         2
 Summon Lightning Spire   Summ/Air       13%        N/A       43%         4
 Olgreb's Toxic Radiance  Pois           3%         N/A       83%         4


Dungeon Overview and Level Annotations

Branches:
Dungeon (4/15)
 Temple: D:4-7

Altars:
Ashenzari
The Shining One

Shops:
D:4 =


Innate Abilities, Weirdness & Mutations

You are small and have problems with some larger weapons.
You are completely attuned to the shadows.


Message History

Okay, then.
a - a +3 flail (weapon)
The ice beast hits your hound. The ice beast freezes your hound!
Your hound closely misses the ice beast.
You barely miss the ice beast.
The ice beast is lightly wounded.
Your hound bites the ice beast. x2; The ice beast barely misses your hound.
You closely miss the ice beast.
The ice beast is moderately wounded.
Your hound bites the ice beast.
Your hound misses the ice beast. The ice beast hits you.
The ice beast freezes you!
Your hound bites the ice beast but does no damage.
The ice beast hits you. The ice beast freezes you!
You hit the ice beast.
The ice beast is moderately wounded.
Your hound bites the ice beast.
The ice beast closely misses you.
Your hound barely misses the ice beast.
You hit the ice beast but do no damage.
The ice beast is heavily wounded.
Your hound bites the ice beast but does no damage.
The ice beast completely misses you.
Your hound closely misses the ice beast.
You hit the ice beast.
The ice beast is severely wounded.
Your hound closely misses the ice beast.
The ice beast completely misses you.
Your hound bites the ice beast but does no damage.
The ice beast hits you but does no damage.
You closely miss the ice beast.
The ice beast is severely wounded.
Your hound misses the ice beast. The ice beast hits you.
The ice beast freezes you!
* * * LOW HITPOINT WARNING * * *
Your hound bites the ice beast.
Your hound barely misses the ice beast.
Your hound bites the ice beast but does no damage.
The ice beast attacks as you move away! The ice beast hits you.
* * * LOW HITPOINT WARNING * * *
The ice beast freezes you!
You die...

#. #. #######+#####.
.......................
.......................
.......................
.......................
....hY@................
...?...######.........#
.......# #.........#
.......# #.........#
.......# #.........#
......# #.........#
#.........# #.........#
#.........#


You could see an ice beast (ally target) and a friendly hound (summoned).

Vanquished Creatures
  A scorpion (D:4)
  Ijyb (D:3)
  2 adders
  4 worms
  5 dart slugs
  5 ball pythons
  4 endoplasms
  3 giant cockroaches
  4 goblins
  6 hobgoblins
  A jackal (D:1)
  3 kobolds
  2 quokkas (D:3)
  5 bats
  A frilled lizard (D:2)
  5 rats
52 creatures vanquished.

Vanquished Creatures (collateral kills)
  Grinder (D:3)
  Natasha (D:3)
  An adder (D:2)
  2 worms (D:2)
  A dart slug (D:4)
  An endoplasm (D:2)
  A giant cockroach (D:2)
  2 hobgoblins
  A jackal (D:1)
  A goblin (D:2)
12 creatures vanquished.

Grand Total: 64 creatures vanquished

Notes
Turn   | Place    | Note
-------+----------+-------------------------------------------
     0 | D:1      | Gwenloh the Kobold Summoner began the quest for the Orb.
     0 | D:1      | Reached XP level 1. HP: 10/10 MP: 3/3
   264 | D:1      | Reached XP level 2. HP: 16/16 MP: 5/5
   267 | D:1      | Learned a level 2 spell: Call Imp
   559 | D:1      | Noticed a floating eye
   560 | D:1      | Found a faded altar of an unknown god.
   560 | D:1      | Noticed a shining eye
   570 | D:1      | Noticed a great orb of eyes
   748 | D:1      | Noticed a floating eye
  1066 | D:2      | Reached skill level 1 in Fighting
  1066 | D:2      | Reached XP level 3. HP: 10/20 MP: 3/6
  1334 | D:2      | Learned a level 3 spell: Call Canine Familiar
  2184 | D:2      | Reached XP level 4. HP: 25/25 MP: 3/7
  3271 | D:3      | Noticed Ijyb
  3286 | D:3      | Killed Ijyb
  3287 | D:3      | Reached XP level 5. HP: 30/30 MP: 3/9
  3291 | D:3      | Learned a level 3 spell: Summon Guardian Golem
  3577 | D:3      | Found a glowing golden altar of the Shining One.
  3624 | D:3      | Found a broken altar of Ashenzari.
  3632 | D:3      | Became a worshipper of Ashenzari the Shackled
  4022 | D:3      | Noticed Grinder
  4046 | D:3      | Killed Grinder
  4047 | D:3      | Reached skill level 5 in Summonings
  4047 | D:3      | Reached XP level 6. HP: 16/36 MP: 5/10
  4269 | D:3      | Noticed Natasha
  4282 | D:3      | Killed Natasha
  4485 | D:4      | Found Qaiskima's Jewellery Shoppe.
  4491 | D:4      | Reached XP level 7. HP: 40/40 MP: 8/12
  4636 | D:4      | Slain by an ice beast

Illustrated notes

Levels and vault maps discovered:
D:1:      lightli_arrival_flooded_house, layout_loops_cross,
          hellmonk_ecumenical_altar_watching_god, chequers_serial_rivers_marsh
D:2:      minmay_recursive_quarters, layout_basic, serial_corexii_hall,
          corexii_hall_statues_u, corexii_hall_statues_x,
          corexii_hall_statues_u, chequers_hall_statues_corner_a,
          kennysheep_generic_room_14
D:3:      layout_basic, mainiacjoe_overflow_catch_the_wave,
          kennysheep_generic_room_2, uniq_grinder, uniq_ijyb, uniq_natasha
D:4:      layout_gridville, minmay_temple_entry_large_hall, serial_shops,
          nicolae_shop_waterfront, nicolae_stop_n_shop_1, nicolae_stop_n_shop_1,
          nicolae_shop_temple_entry_statues_fountains, nicolae_shop_stone

Skill      XL: |  1  2  3  4  5  6 |
---------------+-------------------+-----
Stealth        | 3 4 |  4.7
Fighting       | 1 2 |  2.7
Dodging        | 3 4 |  4.0
Spellcasting   | 3 |  3.4
Summonings     | 5 |  5.7

Action                   |  1- 3 |  4- 6 |  7- 9 || total
-------------------------+-------+-------+-------++-------
Melee: Unarmed           |    10 |       |       ||    10
       Flail             |    42 |    55 |     7 ||   104
       Punch             |       |     1 |       ||     1
 Fire: Hunting sling     |     3 |    55 |     1 ||    59
 Cast: Summon Small Mamm |     6 |     4 |       ||    10
       Call Canine Famil |     2 |     8 |       ||    10
       Call Imp          |       |     3 |       ||     3
 Stab: Sleeping          |     6 |       |     1 ||     7
       Distracted        |     1 |     1 |       ||     2
Armor: Robe              |     5 |     2 |     1 ||     8
Dodge: Dodged            |    38 |    58 |     3 ||    99

Table legend: (Time is in decaauts)
 A = Elapsed time spent in this place.
 B = Non-inter-level travel time spent in this place.
 C = Inter-level travel time spent in this place.
 D = Time resting spent in this place.
 E = Time spent auto-exploring this place.
 F = Levels seen in this place.
 G = Mean time per level.
                   A        B        C        D        E       F      G
               +--------+--------+--------+--------+--------+-----+--------+
         Total |   4691 |   4593 |     98 |      0 |   3969 |   4 | 1172.8 |
       Dungeon |   4691 |   4593 |     98 |      0 |   3969 |   4 | 1172.8 |
               +--------+--------+--------+--------+--------+-----+--------+

Top non-repeatable levels by time:
     D:2: 2227 daAuts
     D:3: 1239 daAuts
     D:1: 1070 daAuts
     D:4: 153 daAuts
